 Dungeon Crawl Stone Soup version 0.21.1-1-g345015f (webtiles) character file.

2981 gerrrit the Basher (level 9, -3/75 HPs)
             Began as a Hill Orc Fighter on Apr 2, 2018.
             Was an Initiate of Trog.
             Slain by an ice devil (13 damage)
             ... summoned by an orc sorcerer
             ... on level 8 of the Dungeon.
             The game lasted 01:08:34 (8361 turns).

gerrrit the Basher (Hill Orc Fighter)               Turns: 8361, Time: 01:08:35

Health: -3/75      AC: 20    Str: 22    XL:     9   Next: 83%
Magic:  10/10      EV:  9    Int:  8    God:    Trog [......]
Gold:   444        SH: 10    Dex: 10    Spells: 8/8 levels left

rFire    . . .     SeeInvis .   u - +2 flail (protect)
rCold    . . .     Gourm    .   c - +0 shield
rNeg     . . .     Faith    .   b - +0 scale mail
rPois    +         Spirit   .   (no helmet)
rElec    .         Reflect  .   (no cloak)
rCorr    .         Harm     .   p - +2 pair of gloves
MR       ++...                  h - +1 pair of boots
Stlth    ..........             (no amulet)
HPRegen  0.22/turn              D - ring of protection from magic
MPRegen  0.12/turn              L - ring "Jeusesok" {rPois MR+}

@: protection aura
A: no striking features
a: Burn Spellbooks, Renounce Religion


You were on level 8 of the Dungeon.
You worshipped Trog.
Trog was noncommittal.
You were not hungry.

You visited 2 branches of the dungeon, and saw 9 of its levels.

You collected 444 gold pieces.

Inventory:

Hand Weapons
 a - a +0 long sword
 j - a +0 hand axe
 l - a +1 whip of freezing
 n - a +0 hunting sling
 s - a +0 short sword
 u - a +2 flail of protection (weapon)
 v - a +1 hand axe of chopping
 w - a cursed -2 dagger
 F - a +3 dagger of distortion
Missiles
 d - 3 tomahawks (quivered)
 e - 33 sling bullets
Armour
 b - a +0 scale mail (worn)
 c - a +0 shield (worn)
 h - a +1 pair of boots (worn)
 i - a +0 large shield
 p - a +2 pair of gloves (worn)
Magical Staves
 M - an uncursed staff of conjuration
 U - an uncursed staff of death
Jewellery
 D - a ring of protection from magic (left hand)
 L - the ring "Jeusesok" (right hand) {rPois MR+}
   (You found it on level 7 of the Dungeon)

   [ring of protection from magic]

   It protects you from poison.
   It affects your resistance to hostile enchantments.
 P - an uncursed ring of positive energy {unknown}
Wands
 H - a wand of polymorph (20)
 R - a wand of digging (18)
 S - a wand of flame (12)
Scrolls
 m - 6 scrolls of remove curse
 q - 2 scrolls of immolation
 r - 2 scrolls of enchant weapon {unknown}
 t - 2 scrolls of fog {unknown}
 y - 2 scrolls of magic mapping {unknown}
 z - 2 scrolls of amnesia {unknown}
 A - 2 scrolls of blinking {unknown}
 B - 2 scrolls of identify
 I - 3 scrolls of noise {unknown}
 J - 2 scrolls of enchant armour {unknown}
 N - a scroll of teleportation
 O - a scroll of silence {unknown}
Potions
 g - 3 potions of brilliance
 k - a potion of agility {unknown}
 o - 2 potions of haste
 x - 2 potions of heal wounds {unknown}
 C - a potion of mutation {unknown}
 E - a potion of curing {unknown}
 G - a potion of lignification {unknown}
 K - a potion of magic {unknown}
 Q - a potion of might
 T - 3 potions of degeneration {unknown}
Comestibles
 f - 10 rations


   Skills:
 + Level 6.2 Fighting
 + Level 3.2 Long Blades
 + Level 8.6 Maces & Flails
 + Level 1.0 Throwing
 + Level 7.4 Armour
 + Level 3.1 Dodging
 + Level 0.9 Stealth
 + Level 6.8 Shields
 + Level 1.6 Evocations


You had 8 spell levels left.
You didn't know any spells.

Dungeon Overview and Level Annotations

Branches:
Dungeon (8/15)             Temple (1/1) D:7
   Lair: D:8-11

Altars:
Ashenzari
Cheibriados
Dithmenos
Elyvilon
Fedhas
Gozag
Hepliaklqana
Kikubaaqudgha
Makhleb
Nemelex Xobeh
Okawaru
Qazlal
Ru
Sif Muna
Trog
Uskayaw
Vehumet
Wu Jian
Xom
Yredelemnul
Zin
The Shining One

Annotations:
D:5 Sigmund


Message History

The orange demon barely misses you. You block the orange demon's attack.
The ice devil hits you! The ice devil freezes you!!
* * * LOW HITPOINT WARNING * * *
The orc sorcerer mumbles some strange words.
You closely miss the orc sorcerer.
The orc sorcerer is severely wounded.
You block the orange demon's attack.
The orange demon hits you but does no damage.
The ice devil hits you but does no damage.
You barely miss the orc sorcerer.
The orc sorcerer is severely wounded.
The sixfirhy hits you but does no damage.
The orc sorcerer barely misses you.
The sixfirhy hits you but does no damage.
You block the orange demon's attack.
The orange demon hits you but does no damage.
The ice devil hits you!
* * * LOW HITPOINT WARNING * * *
The ice devil freezes you!
You die...

............##.....##..≈≈##.##≈≈.
.##.#######.###...####..≈≈≈≈≈≈≈..
....# #.# ##.## #...........
.#### ##'## ### #.####.####. .#
##...## #.# #.# #. .## ##.....##
##.# #.# #. ..##
##.......######..####.# ##
...####....[...4#.§§§.......#####
......'........o@.§§...........[.
...####...)....3#4#§_..##.#######
#.## ##.......##.#.§..##.# #.#
##.....###.#.§..##.# #.# ##...##
#.#..#.##.# #.# ##'## #......##.#
#.# #####<# ###.......# #.#
#.....# #.####### ..# #)###.##
#.#


You could see an orange demon, an ice devil, a sixfirhy and an orc sorcerer.

Vanquished Creatures
  Pikel (D:6)
  Joseph (D:7)
  A hippogriff (D:8)
  Menkaure (D:7)
  A slave (D:6)
  A phantom (D:8)
  3 ogres
  A big kobold (D:8)
  6 bullfrogs
  3 killer bees (D:8)
  3 howler monkeys (D:8)
  A centaur zombie (D:7)
  A crimson imp (D:7)
  2 jellies
  3 hounds
  3 orc priests
  An orc wizard (D:6)
  A bullfrog skeleton (D:6)
  3 iguanas
  6 worker ants
  A killer bee zombie (D:6)
  3 hound skeletons
  A howler monkey skeleton (D:8)
  9 adders
  A gnoll (D:4)
  A shadow imp (D:6)
  2 oozes (D:3)
  3 worms
  4 dart slugs
  2 leopard geckos
  19 orcs
  2 ball pythons
  6 giant cockroaches
  3 hobgoblins
  4 quokkas
  4 bats
  3 frilled lizards
  4 goblins
  3 kobolds
  8 rats
  A plant (D:8)
127 creatures vanquished.

Notes
Turn   | Place    | Note
-------+----------+-------------------------------------------
     0 | D:1      | gerrrit the Hill Orc Fighter began the quest for the Orb.
     0 | D:1      | Reached XP level 1. HP: 19/19 MP: 1/1
    99 | D:1      | Reached XP level 2. HP: 21/27 MP: 2/2
   748 | D:2      | Reached XP level 3. HP: 33/33 MP: 3/3
  1159 | D:2      | Reached XP level 4. HP: 28/40 MP: 4/4
  1809 | D:3      | Reached XP level 5. HP: 31/46 MP: 5/5
  2295 | D:3      | Found a basalt altar of Yredelemnul.
  2495 | D:3      | Reached skill level 1 in Maces & Flails
  2761 | D:4      | Noticed an ogre
  2779 | D:4      | Killed an ogre
  2779 | D:4      | Reached skill level 2 in Maces & Flails
  2779 | D:4      | Reached XP level 6. HP: 40/53 MP: 6/6
  2936 | D:4      | Reached skill level 1 in Dodging
  3365 | D:4      | Reached skill level 5 in Armour
  3742 | D:5      | Entered Level 5 of the Dungeon
  3749 | D:5      | Reached skill level 3 in Maces & Flails
  3883 | D:5      | Noticed Sigmund
  3942 | D:5      | Found a deep blue altar of Sif Muna.
  4012 | D:5      | Reached XP level 7. HP: 40/60 MP: 7/7
  4327 | D:6      | Reached skill level 4 in Maces & Flails
  4741 | D:6      | Reached skill level 5 in Maces & Flails
  4768 | D:6      | Reached XP level 8. HP: 67/67 MP: 8/8
  4773 | D:6      | Reached skill level 1 in Evocations
  5124 | D:6      | Reached skill level 5 in Shields
  5514 | D:6      | Noticed Pikel
  5949 | D:6      | Killed Pikel
  5949 | D:6      | Reached skill level 5 in Fighting
  5949 | D:6      | Reached skill level 6 in Maces & Flails
  6166 | D:7      | Got a fine tin ring
  6201 | D:7      | Identified the ring "Jeusesok" {rPois MR+} (You found it on level 7 of the Dungeon)
  6253 | D:7      | Noticed Joseph
  6255 | D:7      | Reached skill level 7 in Maces & Flails
  6277 | D:7      | Killed Joseph
  6277 | D:7      | Reached XP level 9. HP: 43/75 MP: 10/10
  6726 | D:7      | Noticed Menkaure
  6736 | D:7      | Killed Menkaure
  7108 | D:7      | Found an opulent altar of Gozag.
  7178 | D:7      | Found a staircase to the Ecumenical Temple.
  7190 | Temple   | Entered the Ecumenical Temple
  7346 | Temple   | Became a worshipper of Trog the Wrathful
  7526 | D:8      | Reached skill level 8 in Maces & Flails
  7783 | D:8      | Reached skill level 1 in Throwing
  8291 | D:8      | Found a shadowy altar of Dithmenos.
  8341 | D:8      | Noticed an orc sorcerer
  8346 | D:8      | Noticed an orange demon
  8355 | D:8      | Noticed an ice devil
  8360 | D:8      | Noticed a sixfirhy
  8361 | D:8      | Slain by an ice devil

Skill      XL: |  1  2  3  4  5  6  7  8  9 |
---------------+----------------------------+-----
Fighting       | 4 5 6 |  6.2
Armour         | 4 5 6 7 |  7.4
Shields        | 4 5 6 |  6.8
Long Blades    | 3 |  3.2
Maces & Flails | 2 3 5 7 8 |  8.6
Dodging        | 1 2 3 |  3.1
Evocations     | 1 |  1.6
Throwing       | 1 |  1.0
Stealth        | |  0.9

Action                   |  1- 3 |  4- 6 |  7- 9 || total
-------------------------+-------+-------+-------++-------
Melee: Long sword        |    66 |    50 |       ||   116
       Flail             |       |   150 |   294 ||   444
       Unarmed           |       |       |     7 ||     7
Throw: Tomahawk          |       |       |    17 ||    17
Evoke: Wand              |       |     3 |     7 ||    10
  Use: Scroll            |     2 |     4 |     6 ||    12
       Potion            |       |     1 |     1 ||     2
  Eat: Ration            |     1 |     2 |     5 ||     8
Armor: Scale mail        |    46 |   119 |   158 ||   323
Dodge: Dodged            |    14 |    93 |   105 ||   212
Block: Shield            |    35 |   139 |   155 ||   329
       Rpst.: Long sword |     3 |     7 |       ||    10
